Map: Romanticide LE

Players

Kelazhur - Winner!

  • Race: Terran Terran

nanO

  • Race: Protoss Protoss

Event: DreamHack SC2 Masters 2021 Fall

VOD

Have the link to the VOD?

Description

Time

  • Played on: July 28, 2021, 6:05 p.m.
  • Length: 5:11

All games in this series

Show
View Real Time Build Order
Export as new Build Order

Kelazhur Terran - Winner!

Build Orders:  

Get SALT Encoding   

  12  0:00  SCV  
  13  0:13  SCV  
  14  0:16  Supply Depot  
  14  0:25  SCV  
  15  0:38  SCV  
  15  0:39  Barracks  
  16  0:43  Refinery  
  16  0:50  SCV  
  17  1:02  SCV  
  18  1:19  SCV  
  19  1:29  Reaper  
  19  1:31  Orbital Command  
  20  1:39  Engineering Bay  
  20  1:58  SCV  
  21  2:01  Marine  
  21  2:04  Command Center  
  22  2:10  SCV, Factory  
  23  2:17  Supply Depot  
  23  2:21  Barracks Reactor  
  23  2:30  Refinery  
  23  2:39  SCV  
  24  2:51  SCV  
  24  2:54  Hellion  
  24  2:57  Marine x2  
  29  3:00  Starport  
  29  3:03  SCV  
  30  3:15  Marine, SCV  
  30  3:16  Marine, Orbital Command  
  30  3:19  Widow Mine  
  35  3:27  SCV  
  36  3:35  Marine x2  
  36  3:36  Orbital Command  
  36  3:37  Medivac  
  36  3:40  SCV, Widow Mine, Supply Depot  
  43  3:52  SCV  
  43  3:53  Marine x2  
  43  3:54  Barracks  
  46  4:03  SCV  
  46  4:04  SCV  
  46  4:07  Factory Tech Lab  
  48  4:10  Barracks  
  48  4:11  Marine  
  48  4:15  SCV  
  48  4:16  SCV  
  51  4:23  Viking  
  53  4:27  SCV  
  53  4:30  SCV  
  47  4:39  SCV  
  47  4:41  Marine  
  47  4:42  Marine, SCV  
  50  4:49  Supply Depot  
  50  4:51  SCV  
  51  4:54  SCV  
Show
View Real Time Build Order
Export as new Build Order

nanO Protoss 

Build Orders: Oracle Opening 

Get SALT Encoding   

  12  0:00  Probe  
  13  0:12  Probe  
  14  0:18  Pylon  
  14  0:24  Probe (Chrono Boost)  
  15  0:36  Probe (Chrono Boost)  
  15  0:39  Gateway  
  16  0:45  Probe (Chrono Boost)  
  17  0:50  Assimilator  
  17  0:51  Probe  
  18  1:03  Probe  
  19  1:15  Probe  
  20  1:26  Cybernetics Core  
  20  1:27  Probe  
  21  1:44  Pylon  
  23  1:55  Nexus  
  23  1:59  Adept (Chrono Boost)  
  22  2:01  Assimilator  
  22  2:06  Shield Battery  
  22  2:08  Warp Gate  
  23  2:12  Probe  
  24  2:22  Adept  
  24  2:27  Probe  
  27  2:39  Probe  
  27  2:42  Stargate  
  28  2:51  Probe  
  29  2:52  Adept  
  31  3:00  Pylon  
  31  3:06  Probe (Chrono Boost)  
  31  3:10  Probe (Chrono Boost)  
  33  3:18  Probe (Chrono Boost)  
  35  3:22  Probe (Chrono Boost)  
  35  3:23  Probe (Chrono Boost)  
  35  3:25  Oracle (Chrono Boost)  
  36  3:30  Adept (Chrono Boost), Probe  
  36  3:33  Probe  
  41  3:42  Probe  
  41  3:45  Probe  
  41  3:47  Gateway  
  43  3:55  Probe  
  44  3:57  Probe  
  45  4:07  Probe  
  45  4:09  Probe  
  47  4:12  Nexus  
  47  4:16  Adept  
  47  4:20  Probe  
  47  4:23  Probe  
  39  4:32  Oracle, Probe (Chrono Boost)  
  39  4:35  Probe (Chrono Boost)  
  41  4:44  Probe (Chrono Boost)  
  40  4:48  Probe (Chrono Boost)  
  41  4:53  Probe (Chrono Boost)  
  41  4:54  Twilight Council  
  41  4:55  Probe (Chrono Boost)  

Tags
 
Add a new tag
Caveats
  • Supply blocks, unpowered buildings, or Contaminate may cause inaccurate times.
  • Supply counts are checked every 10 seconds.